Match 27660818
Unlisted

Match 27660818
End
Construct Barracks
Riflemen Squad
M1 Mortar Team
Riflemen Squad
Grenade Package
Construct Weapon Support Center
Selects Advanced Infantry Battlegroup
Selects Convert to Ranger Squad
Selects Convert to Ranger Squad
Infantry Support Center
M3 Armored Personnel Carrier
Riflemen Squad
Selects Frontline Medical Station
Frontline Medical Station
Engineer Squad
Selects Artillery Observers
M1918 Browning Automatic Rifles
Construct Motor Pool
Demolitions Package
M1 Anti-tank Gun Team
Riflemen Squad
M1918 Browning Automatic Rifles
Selects Infantry Assault
Selects M2A1 105mm Howitzer Emplacement
M1 Anti-tank Gun Team
Selects Free Fire Drills
Riflemen Squad
Infantry Assault
Convert to Ranger Squad
Improved M9 Bazooka Rockets
Advanced Logistics
Munitions Surplus
Frontline Medical Station
Convert to Ranger Squad
Construct Tank Depot
Infantry Assault
M18 Hellcat Tank Destroyer
Infantry Assault
M18 Hellcat Tank Destroyer
Jeff
丢你个大西瓜
kimtah333
Anthrous
max
Insurmountable Odds
0
0

Comments sign in to comment!

No comments posted yet!